 Dungeon Crawl Stone Soup version 0.29.1-12-g30fa7ad0bf (webtiles) character file.

Game seed: 11646541748382592533

1153 fleeber the Geomancer (level 8, -7/41 HPs)
             Began as a Gargoyle Earth Elementalist on Dec 20, 2022.
             Killed from afar by a steam dragon (19 damage)
             ... with a ball of steam
             ... on level 6 of the Dungeon.
             The game lasted 00:21:46 (6039 turns).

fleeber the Geomancer (Gargoyle Earth Elementalist) Turns: 6039, Time: 00:21:47

Health: -7/41      AC:  8    Str: 18    XL:     8   Next: 38%
Magic:  13/14      EV: 11    Int: 18    God:
Gold:   288        SH:  0    Dex: 10    Spells: 7/15 levels left

rFire   . . .      SeeInvis .   n - +0 whip
rCold   . . .      Faith    .   (no shield)
rNeg    + . .      Spirit   .   a - +0 robe
rPois   ∞          Reflect  .   (no helmet)
rElec   +          Harm     .   (no cloak)
rCorr   .          Rampage  .   B - +0 pair of gloves
Will    .....                   (no boots)
Stlth   ++........              d - amulet of magic regeneration
HPRegen 0.13/turn               v - +6 ring of strength
MPRegen 0.54/turn               (no ring)

@: no status effects
A: sickness immunity, AC +5, negative energy resistance 1, electricity
resistance, torment resistance 1, petrification resistance
a: no special abilities


You were on level 6 of the Dungeon.
You visited 1 branch of the dungeon, and saw 6 of its levels.

You collected 288 gold pieces.

Inventory:

Hand Weapons
 n - a +0 whip (weapon)
Missiles
 m - 30 stones (quivered)
Armour
 a - a +0 robe (worn)
 f - a +0 pair of gloves
 B - a +0 pair of gloves (worn)
Jewellery
 d - an amulet of magic regeneration (around neck)
 v - a +6 ring of strength (left hand)
Wands
 p - a wand of mindburst (1)
 t - a wand of paralysis (7)
Scrolls
 e - a scroll of magic mapping {unknown}
 h - 2 scrolls of silence {unknown}
 j - 3 scrolls of noise {unknown}
 l - a scroll of amnesia {unknown}
 o - 2 scrolls of enchant weapon {unknown}
 r - 5 scrolls of identify {unknown}
 x - 2 scrolls of blinking {unknown}
 y - 2 scrolls of teleportation {unknown}
 A - a scroll of enchant armour {unknown}
Potions
 b - 3 potions of magic
 c - 3 potions of heal wounds {unknown}
 g - 2 potions of mutation {unknown}
 i - a potion of degeneration {unknown}
 k - 2 potions of resistance {unknown}
 q - a potion of lignification {unknown}
 s - a potion of flight {unknown}
 u - 2 potions of brilliance {unknown}
 w - a potion of might {unknown}
 z - a potion of attraction {unknown}
 C - a potion of berserk rage {unknown}


   Skills:
 - Level 1.5 Dodging
 - Level 2.1 Stealth
 - Level 4.0 Spellcasting
 + Level 7.1 Conjurations
 - Level 0.7 Transmutations
 - Level 8.0 Earth Magic


You had 7 spell levels left.
You knew the following spells:

 Your Spells              Type           Power      Damage    Failure   Level
a - Sandblast             Erth           64%        2d14      1%          1
b - Stone Arrow           Conj/Erth      60%        3d10      1%          3
c - Passwall              Tmut/Erth      15%        N/A       3%          2
d - Blink                 Tloc           6%         N/A       22%         2

Your spell library contained the following spells:

 Spells                   Type           Power      Damage    Failure   Level
 Petrify                  Tmut/Erth      19%        N/A       24%         4
 Lesser Beckoning         Tloc           3%         N/A       41%         3
 Freezing Cloud           Conj/Ice/Air   6%         6-21      83%         5
 Manifold Assault         Tloc           3%         N/A       99%         5
 Simulacrum               Ice/Necr       1%         N/A       100%        6
 Polar Vortex             Ice            1%         N/A       100%        9


Dungeon Overview and Level Annotations

Branches:
Dungeon (6/15)
 Temple: D:4-7

Altars:
Fedhas
Hepliaklqana
Okawaru
Trog

Shops:
D:3 :

Annotations:
D:3 3 runed translucent doors, fantasyman's ghost, weakling FoFi
D:4 Dowan; Duvessa


Innate Abilities, Weirdness & Mutations

You are immune to sickness and miasma.
Your stone body is resilient. (AC +5)
You are immune to poison.
You resist negative energy. (rN+)
You are resistant to electric shocks. (rElec)
You are resistant to unholy torment.
You are immune to petrification.


Message History

The stone arrow hits the hound!
The hound is severely wounded.
Aiming: Sandblast (safe; 1% risk of failure)
Press: ? - help, Shift-Dir - straight line, f/p - hound
Aim: a hound (severely wounded, 78% to hit)
The blast of sand misses the hound.
The hound closely misses you. The hound bites you but does no damage.
The hound barely misses you.
Aiming: Sandblast (safe; 1% risk of failure)
Press: ? - help, Shift-Dir - straight line, f/p - hound
Aim: a hound (severely wounded, 78% to hit)
The blast of sand hits the hound!!
You kill the hound!
You start resting.
Magic restored.
You see here a hound corpse.
Found a robe.
You see here a +0 robe.
A steam dragon comes into view.
The steam dragon hisses angrily.
The steam dragon breathes steam at you. The ball of steam hits you!!
The steam dragon moves out of view.
Unknown command.
Unknown command.
Unknown command.
Unknown command.
Unknown command.
Press: ? - help, . - travel You can't see that place.
Okay, then.
The steam dragon breathes steam at you. The ball of steam hits you!
* * * LOW HITPOINT WARNING * * *
You are engulfed in a cloud of scalding steam.
Aiming: Passwall (safe; 3% risk of failure)
Press: ? - help, Dir - move target A rock wall.
You begin to meditate on the wall.
You continue meditating on the rock.
The steam dragon breathes steam at you. The ball of steam hits you!!
You die...

# #.......# ##...## #...##. #
#############.## #...##.
#######.......# #.# #...##.
........#####.###†# #...##.
.#####..##........# #...##.
.#####..#.#.#.##### # #.
.........###..########### .#
#.
.#####....#...##.§§.D...####.#
#.
.#####.###.#####@#.##§#§......
#. .......# ### #.#.##§..##.#
#. ######## #.#....§§##§###.#.
#.#..#....D§D§..#.
#.#..##..##.#§###.
#........##.#.# #.
####.######.. D #. #.##
#.....#. #..## #.....#.


There were no monsters in sight!

Vanquished Creatures
  A wraith (D:5)
  An ice beast (D:6)
  A necrophage (D:6)
  7 scorpions
  3 hounds
  4 iguanas
  2 orc wizards (D:6)
  4 adders
  4 gnolls (D:4)
  A shadow imp (D:6)
  A white imp (D:6)
  An ufetubus (D:5)
  2 worms (D:2)
  4 dart slugs
  9 orcs
  3 endoplasms
  A giant cockroach (D:2)
  2 goblins
  7 hobgoblins
  4 jackals (D:1)
  10 kobolds
  A quokka (D:2)
  5 ball pythons
  8 bats
  7 frilled lizards
  4 rats
  A spectral kobold (D:5)
98 creatures vanquished.

Vanquished Creatures (others)
  4 plants (D:4)
4 creatures vanquished.

Grand Total: 102 creatures vanquished

Notes
Turn   | Place    | Note
-------+----------+-------------------------------------------
     0 | D:1      | fleeber the Gargoyle Earth Elementalist began the quest for
                  | the Orb.
     0 | D:1      | Reached XP level 1. HP: 10/10 MP: 3/3
   373 | D:1      | Reached XP level 2. HP: 15/15 MP: 3/5
   439 | D:1      | Reached skill level 1 in Conjurations
   562 | D:1      | Reached skill level 4 in Earth Magic
  1051 | D:1      | Reached XP level 3. HP: 19/19 MP: 6/6
  1806 | D:2      | Reached XP level 4. HP: 19/24 MP: 6/8
  2295 | D:3      | Found an iron altar of Okawaru.
  2387 | D:3      | Found Xoewkuvo's Vocational Training.
  2401 | D:3      | Found a runed translucent gate.
  2401 | D:3      | Found a runed translucent gate.
  2401 | D:3      | Found a runed translucent gate.
  2402 | D:3      | Identified the +2 ring mail of the Northern Lights
                  | {*Corrode rElec rF+}
  2403 | D:3      | Noticed fantasyman's ghost (weakling FoFi)
  3037 | D:4      | Noticed a scorpion
  3047 | D:4      | Killed a scorpion
  3048 | D:4      | Reached skill level 5 in Earth Magic
  3048 | D:4      | Reached XP level 5. HP: 21/28 MP: 7/9
  3197 | D:4      | Reached XP level 6. HP: 30/32 MP: 11/11
  3327 | D:4      | Noticed Duvessa
  3346 | D:4      | Noticed Dowan
  3526 | D:4      | Found a blossoming altar of Fedhas.
  4072 | D:4      | Found a bloodstained altar of Trog.
  4212 | D:4      | Reached skill level 6 in Earth Magic
  4342 | D:5      | Entered Level 5 of the Dungeon
  4349 | D:5      | Reached XP level 7. HP: 36/36 MP: 11/13
  4424 | D:5      | Noticed a wraith
  4440 | D:5      | Learned a level 3 spell: Stone Arrow
  4457 | D:5      | Killed a wraith
  4458 | D:5      | Reached skill level 5 in Conjurations
  4555 | D:5      | Learned a level 2 spell: Passwall
  4558 | D:5      | Learned a level 2 spell: Blink
  4612 | D:5      | Reached skill level 7 in Earth Magic
  4752 | D:5      | Found a hazy altar of Hepliaklqana.
  5472 | D:6      | Reached XP level 8. HP: 36/41 MP: 0/14
  5579 | D:6      | Reached skill level 8 in Earth Magic
  6039 | D:6      | Killed from afar by a steam dragon

Illustrated notes

Levels and vault maps discovered:
D:1:      heliophobic_arrival_henge, layout_basic, glass_columns_c,
          minmay_crystal_water, amcnicky_mini_rare_corridor_liquid
D:2:      layout_basic, moated_statue, minivault_23
D:3:      layout_loops_cross, mainiacjoe_overflow_paths,
          biasface_ghost_orc_armoury, minmay_misc_feat_x,
          nicolae_shop_vocational
D:4:      layout_basic, trog_three_pillars_becter, fedhas_ov_isle_minmay,
          uniq_duvessa
D:5:      layout_loops_ring, nicolae_hepliaklqana_monster_ancestors,
          minivault_27
D:6:      layout_loops_cross, columned_hall_lemuel

Skill      XL: |  1  2  3  4  5  6  7  8 |
---------------+-------------------------+-----
Conjurations   | 1 2 3 4 6 7 |  7.1
Earth Magic    | 4 5 6 7 8 |  8.0
Spellcasting   | 3 4 |  4.0
Dodging        | |  1.5
Stealth        | |  2.1
Transmutations | |  0.7

Action                   |  1- 3 |  4- 6 |  7- 9 || total
-------------------------+-------+-------+-------++-------
Throw: Stone             |     1 |     4 |       ||     5
 Cast: Sandblast         |    56 |    70 |    15 ||   141
       Stone Arrow       |       |       |    32 ||    32
       Passwall          |       |       |     1 ||     1
Evoke: Wand              |       |     3 |       ||     3
Armor: Robe              |     3 |    16 |     3 ||    22
Dodge: Dodged            |     7 |    18 |     6 ||    31
